 Dungeon Crawl Stone Soup version 0.31-a0-983-g7b6862f502 (webtiles) character file.

Game seed: 2473818412609382362

2 Persephone the Chopper (level 1, -3/19 HPs)
             Began as a Minotaur Monk on Nov 2, 2023.
             Slain by a gnoll
             ... wielding a +0 spear
              (6 damage)
             ... on level 1 of the Dungeon.
             The game lasted 00:00:15 (81 turns).

Persephone the Chopper (Minotaur Monk)                Turns: 81, Time: 00:00:15

Health: -3/19      AC:  2    Str: 15    XL:     1   Next: 33%
Magic:  0/0        EV: 12    Int:  7    God:
Gold:   0          SH:  0    Dex: 12    Spells: 0/0 levels left

rFire   . . .        a - +0 hand axe
rCold   . . .        d - orb {light}
rNeg    . . .        b - +0 robe
rPois   .            (helmet restricted)
rElec   .            (no cloak)
rCorr   .            (no gloves)
SInv    .            (no boots)
Will    .....        (no amulet)
Stlth   +            (no ring)
HPRegen 0.23/turn    (no ring)
MPRegen 0.07/turn

%: no passive effects
@: glowing
A: horns 2, retaliatory headbutt
a: no special abilities


You were on level 1 of the Dungeon.
You visited 1 branch of the dungeon, and saw 1 of its levels.

Inventory:

Hand Weapons
 a - a +0 hand axe (weapon)
Armour
 b - a +0 robe (worn)
 d - an orb of light (worn)
Potions
 c - a potion of ambrosia
 e - a potion of resistance {unknown}


   Skills:
 - Level 3.6 Fighting
 + Level 3.9 Axes
 - Level 3.2 Dodging


You couldn't memorise any spells.
You didn't know any spells.
Your spell library was empty.

Dungeon Overview and Level Annotations

Branches:
Dungeon (1/15)

Altars:


Innate Abilities, Weirdness & Mutations

You have a pair of horns on your head.
You reflexively headbutt those who attack you in melee.


Message History

The jackal barks!
You hear a bark!
You hear a shout!
A jackal comes into view.
Monster found x2; Killing and exploring; Evalutating dangerous sitituation Getting closest target; Target found Lua - initiating combat actions on jackal || reach is 1 Lua - moving closer to jackal; Lua - done fight_enemy()
A gnoll comes into view. It is wielding a +0 spear.
Monster found x2; Killing and exploring; Evalutating dangerous sitituation Auto kill stopped - Too dangerous: Extremely Dangerous (0) Dangerous (1) Easy (1) Harmless (0)
A dart slug comes into view.
The jackal bites you. x2
You closely miss the jackal. You hit the jackal.
The jackal barely misses you. x2
The jackal bites you. x2
You barely miss the jackal. You closely miss the jackal.
The jackal barely misses you. The jackal closely misses you.
You furiously retaliate!
You headbutt the jackal. The gnoll barely misses you.
You barely miss the jackal.
The jackal is almost dead.
You closely miss the jackal. The jackal misses you. The jackal bites you.
The gnoll closely misses you.
The jackal bites you but does no damage.
The jackal barely misses you. You furiously retaliate!
You headbutt the jackal, but do no damage.
You hit the jackal but do no damage.
The jackal is almost dead.
You closely miss the jackal. The jackal bites you.
The gnoll completely misses you. The jackal bites you.
You hit the jackal but do no damage.
The jackal is almost dead.
You closely miss the jackal. The jackal closely misses you.
The jackal bites you but does no damage.
The gnoll hits you from afar with a +0 spear!
* * * LOW HITPOINT WARNING * * *
The jackal misses you. The jackal barely misses you.
You barely miss the jackal.
The jackal is almost dead.
You hit the jackal.
You kill the jackal!
The gnoll hits you from afar with a +0 spear.
You die...

############# ####
#............ ...#
#............ ...#
#............
...########..........♣.
.................).(...
...##########....#...
######### ####@#
#...............†h..$♣
..................g.....
.#.................w.♣.♣
)#..PPPP#########......
.#..P...#(<#... ..#....
.#..P...#..#... ..##...
.#..P.♣.#..#... ..# ...
.#..P...##'#


You could see a gnoll, a dart slug and a jackal.

Vanquished Creatures
  A giant cockroach (D:1)
  A goblin (D:1)
  A jackal (D:1)
3 creatures vanquished.

Notes
Turn   | Place    | Note
-------+----------+-------------------------------------------
     0 | D:1      | Persephone the Minotaur Monk began the quest for the Orb.
     0 | D:1      | Reached XP level 1. HP: 19/19 MP: 0/0
    81 | D:1      | Slain by a gnoll

Illustrated notes

Levels and vault maps discovered:
D:1:      evilmike_arrival_home_sweet_home, layout_basic, serial_forest,
          infiniplex_forest_lined_corner, infiniplex_forest_lined_2,
          infiniplex_forest_clump_tiny, infiniplex_forest_lined_room_2,
          infiniplex_forest_clump_diagonal, infiniplex_forest_corner_1,
          infiniplex_forest_side_room, infiniplex_forest_straight_3

Action                     || total
---------------------------++-------
  Melee: Hand axe          ||     9
 Armour: Robe              ||    13
  Dodge: Dodged            ||    14

Table legend: (Time is in decaauts)
 A = Elapsed time spent in this place.
 B = Non-inter-level travel time spent in this place.
 C = Inter-level travel time spent in this place.
 D = Time resting spent in this place.
 E = Time spent auto-exploring this place.
 F = Levels seen in this place.
 G = Mean time per level.
                   A        B        C        D        E       F      G
               +--------+--------+--------+--------+--------+-----+--------+
         Total |     81 |     81 |      0 |      0 |     63 |   1 |   81.0 |
       Dungeon |     81 |     81 |      0 |      0 |     63 |   1 |   81.0 |
               +--------+--------+--------+--------+--------+-----+--------+

Top non-repeatable levels by time:
     D:1: 81 daAuts
